Map: Deathaura LE

Players

ViBE - Winner!

  • Race: Terran Terran
  • League: Gold
  • Spawn Location: 11:00

GhostStorm

  • Race: Terran Terran
  • Spawn Location: 5:00

VOD

Have the link to the VOD?

Description

Time

  • Played on: March 26, 2021, 7:44 p.m.
  • Length: 15:47
Show
View Real Time Build Order
Export as new Build Order

ViBE Terran - Winner!

Build Orders:  

Get SALT Encoding   

  12  0:00  SCV  
  13  0:12  SCV  
  14  0:17  Supply Depot  
  14  0:24  SCV  
  15  0:39  SCV  
  15  0:41  Barracks  
  16  0:46  Refinery  
  16  0:51  SCV  
  17  1:03  SCV  
  18  1:15  SCV  
  19  1:28  SCV  
  20  1:34  Marine  
  20  1:39  Command Center  
  21  1:41  Orbital Command  
  21  1:52  Supply Depot  
  21  1:53  Marine  
  22  2:05  Factory  
  22  2:08  SCV  
  23  2:20  SCV  
  24  2:24  Barracks Reactor  
  24  2:32  SCV  
  25  2:44  SCV  
  26  2:51  Factory Tech Lab  
  26  2:53  Barracks  
  26  2:55  Orbital Command  
  26  2:56  SCV  
  26  2:57  Bunker  
  27  3:01  Marine x2  
  29  3:08  SCV  
  29  3:12  Siege Tank  
  33  3:13  Refinery  
  33  3:20  SCV  
  33  3:21  SCV  
  33  3:23  Marine x2  
  37  3:32  SCV  
  37  3:33  SCV  
  39  3:40  Marine  
  41  3:42  Barracks Tech Lab  
  41  3:44  Starport  
  41  3:45  SCV x2  
  42  3:50  Marine  
  43  3:55  Supply Depot  
  43  3:57  SCV x2  
  43  4:00  Supply Depot  
  45  4:04  Stimpack  
  45  4:09  SCV  
  46  4:14  Supply Depot  
  46  4:17  SCV, Marine x3  
  46  4:21  SCV  
  46  4:24  Siege Tank  
  54  4:29  SCV  
  55  4:33  SCV  
  55  4:34  Supply Depot  
  56  4:41  SCV  
  56  4:45  SCV  
  49  4:46  Marine x3  
  35  4:53  SCV  
  35  4:57  SCV  
  27  5:03  Siege Tank  
  27  5:04  Marine x3  
  27  5:05  SCV  
  31  5:09  SCV  
  32  5:18  SCV  
  33  5:21  SCV  
  33  5:22  Marine x3  
  37  5:30  SCV  
  37  5:33  SCV  
  39  5:37  Command Center  
  39  5:39  Marine  
  39  5:40  Marine  
  39  5:42  SCV  
  42  5:46  SCV  
  42  5:49  Marine  
  43  5:54  SCV  
  41  5:57  Marine x2  
  41  5:58  SCV  
  43  6:06  SCV  
  43  6:08  Marine  
  43  6:10  SCV  
  46  6:15  Marine x2  
  46  6:18  SCV  
  49  6:22  SCV  
  50  6:26  Marine  
  50  6:28  Refinery  
  50  6:30  SCV  
  52  6:33  Marine x2  
  52  6:34  SCV  
  55  6:42  SCV  
  55  6:44  Marine  
  55  6:46  SCV  
  57  6:51  Marine x2  
  57  6:52  Orbital Command  
  58  6:54  SCV  
  58  6:58  SCV  
  60  7:02  Marine  
  60  7:06  SCV, Factory  
  62  7:10  Refinery, SCV  
  62  7:12  Refinery  
  63  7:19  SCV  
  63  7:20  SCV, Marine x2  
  63  7:21  Marine  
  63  7:22  SCV  
  69  7:27  Starport Reactor  
  69  7:31  SCV  
  69  7:32  SCV, Supply Depot  
  69  7:34  SCV  
  72  7:38  Marine  
  72  7:40  Marine  
  72  7:41  Marine, Engineering Bay x2  
  72  7:43  SCV  
  77  7:44  SCV  
  77  7:47  SCV  
  77  7:51  Siege Tank  
  81  7:55  SCV  
  81  7:56  Marine  
  79  7:58  Marine x2  
  79  7:59  SCV  
  82  8:07  SCV  
  82  8:11  SCV  
  84  8:13  Orbital Command  
  84  8:14  Marine  
  84  8:16  Marine x2  
  84  8:18  Medivac x2  
  84  8:19  SCV  
  92  8:23  SCV  
  93  8:31  SCV, Marine  
  95  8:34  Marine x2  
  95  8:35  SCV  
  95  8:38  SCV  
  99  8:43  SCV  
  99  8:47  SCV  
  101  8:49  Supply Depot  
  101  9:02  Supply Depot  
  101  9:03  Supply Depot x2  
  101  9:04  SCV  
  101  9:05  SCV  
  101  9:06  Marine  
  101  9:07  SCV  
  101  9:08  Marine  
  101  9:09  Marine  
  101  9:14  Orbital Command  
  101  9:16  SCV  
  100  9:19  SCV  
  100  9:24  Marine  
  92  9:26  Marine  
  92  9:27  Marine  
  92  9:29  SCV  
  92  9:31  Siege Tank  
  76  9:32  SCV  
  67  9:41  SCV x2, Marine  
  67  9:44  SCV, Marine  
  67  9:45  Marine  
  64  9:53  SCV  
  64  9:55  SCV  
  64  9:56  SCV  
  64  9:59  Marine, Medivac x2  
  71  10:02  Marine  
  71  10:03  Marine  
  71  10:04  Terran Infantry Armor Level 1, Armory, Terran Infantry Weapons Level 1  
  71  10:05  SCV  
  74  10:17  SCV, Marine  
  74  10:18  SCV x2  
  74  10:19  Marine  
  74  10:21  Marine  
  80  10:24  Command Center  
  80  10:28  Barracks  
  80  10:29  SCV, Barracks  
  80  10:30  SCV x2  
  80  10:31  Barracks  
  80  10:32  Barracks  
  80  10:35  Marine  
  84  10:37  Marine  
  84  10:38  Marine, Medivac x2  
  84  10:39  Combat Shield  
  84  10:42  SCV x3  
  93  10:54  SCV x3, Marine  
  93  10:55  Marine  
  93  10:56  Marine  
  93  10:57  Thor  
  99  10:59  Terran Vehicle Weapons Level 1  
  100  11:06  SCV x2  
  91  11:11  Marine  
  91  11:13  Marine  
  91  11:14  Marine  
  83  11:25  Command Center  
  83  11:26  Barracks Reactor  
  83  11:27  Barracks Reactor x3  
  83  11:29  Marine  
  83  11:31  Marine  
  83  11:32  Marine  
  84  11:36  Supply Depot  
  84  11:44  Thor  
  90  11:47  Marine  
  90  11:49  SCV, Marine  
  90  11:50  SCV, Marine  
  92  12:04  Marine x3  
  92  12:05  Marine x6  
  92  12:06  Marine  
  92  12:08  Marine  
  102  12:09  SCV  
  102  12:10  SCV  
  103  12:17  Terran Infantry Weapons Level 2  
  103  12:18  Terran Infantry Armor Level 2  
  103  12:21  SCV  
  103  12:22  SCV  
  98  12:33  SCV  
  98  12:34  SCV  
  89  12:41  Orbital Command  
  89  12:43  Planetary Fortress  
  89  12:46  SCV x2  
  91  12:52  Marine  
  91  12:53  Marine x2  
  91  12:58  SCV  
  94  13:07  SCV x2  
  94  13:10  SCV  
  94  13:11  Marine  
  94  13:12  Marine x9  
  107  13:13  Marine  
  107  13:19  SCV x2  
  110  13:22  SCV x2  
  110  13:27  Thor  
  112  13:31  SCV  
  119  13:37  SCV x3  
  121  13:41  Command Center  
  119  13:49  Marine x9  
  119  13:50  Marine x2  
  119  13:51  SCV x2  
  119  13:53  SCV x2  
  130  14:03  SCV  
  130  14:04  SCV  
  130  14:05  SCV  
  130  14:06  SCV  
  130  14:07  Marine x7  
  137  14:15  SCV  
  137  14:16  SCV  
  129  14:17  SCV  
  129  14:19  SCV  
  129  14:28  SCV x2  
  129  14:29  SCV  
  129  14:31  SCV  
  133  14:39  Marine x2  
  133  14:40  SCV, Marine  
  133  14:41  SCV  
  133  14:42  SCV  
  139  14:51  Marine x5  
  139  14:52  Marine  
  145  14:55  SCV x3  
  145  14:56  SCV  
  149  15:34  SCV x2  
Show
View Real Time Build Order
Export as new Build Order

GhostStorm Terran 

Build Orders: 1/1/1 

Get SALT Encoding   

  12  0:00  SCV  
  13  0:12  SCV  
  14  0:17  Supply Depot  
  14  0:24  SCV  
  15  0:28  Refinery  
  15  0:38  SCV  
  16  0:45  Barracks  
  16  0:51  SCV  
  16  0:56  Refinery  
  17  1:03  SCV  
  18  1:15  SCV  
  19  1:26  Supply Depot  
  19  1:28  SCV  
  20  1:32  Barracks Reactor  
  20  1:38  Factory  
  20  1:41  SCV  
  21  1:54  SCV  
  22  2:03  Supply Depot  
  22  2:09  Marine x2  
  24  2:22  Factory Tech Lab  
  24  2:25  Starport  
  24  2:34  Marine  
  24  2:35  Marine  
  26  2:42  Siege Tank  
  29  2:49  Supply Depot  
  29  2:54  Marine x2  
  31  3:14  Siege Tank  
  34  3:20  Medivac  
  34  3:22  Medivac  
  34  3:24  Marine  
  39  3:28  Orbital Command  
  39  3:43  Barracks Reactor  
  39  3:59  SCV  
  39  4:00  Siege Tank  
  43  4:11  Command Center  
  43  4:18  Supply Depot  
  43  4:24  Marine  
  43  4:25  Marine  
  40  4:57  Marine x2  
  40  5:02  Siege Tank  
  40  5:03  Liberator, Medivac  
  48  5:14  Marine  
  48  5:19  Marine  
  50  5:27  Supply Depot  
  50  5:42  Barracks  
  46  6:00  Marine x2  
  44  6:07  SCV, Medivac  
  47  6:12  Orbital Command  
  47  6:17  Siege Tank  
  50  6:19  SCV  
  50  6:20  Marine x2  
  53  6:27  Supply Depot  
  53  6:31  SCV  
  54  6:34  Barracks Tech Lab  
  54  6:39  Medivac x2  
  58  6:40  Marine x2  
  58  6:44  SCV x2  
  62  6:56  SCV x2  
  62  6:57  Marine  
  62  6:58  Marine  
  63  7:02  Marine  
  64  7:15  Marine  
  65  7:23  Barracks, Stimpack  
  65  7:30  Marine x2  
  65  7:33  Marine  
  65  7:35  Liberator  
  71  7:38  SCV x2  
  71  7:42  Refinery  
  73  7:45  Refinery, Supply Depot  
  73  7:47  Marine x2  
  73  7:48  Supply Depot  
  74  8:15  Marine x2  
  74  8:16  Marine  
  74  8:18  Barracks Reactor  
  77  8:33  Marine x3  
  80  8:44  Liberator x2, Siege Tank  
  80  8:45  SCV x2  
  91  8:51  Marine x3  
  94  8:56  Marine x2  
  96  9:09  Marine x3  
  99  9:16  Marine x2  
  98  9:27  Marine x2  
  79  9:46  Marine x5  
  78  9:53  Medivac  
  75  10:03  Marine  
  75  10:04  Marine x4  
  75  10:06  Siege Tank  
  83  10:21  Marine  
  83  10:24  Supply Depot  
  83  10:26  Marine  
  85  10:29  Supply Depot  
  85  10:31  Command Center  
  85  10:33  Marine x3  
  88  10:39  Marine  
  89  10:44  Marine  
  90  10:50  Marine  
  74  11:25  Marine x3  
  74  11:26  Marine x2  
  79  11:33  Medivac x2, Siege Tank  
  79  11:35  SCV  
  87  11:43  Marine x4  
  87  11:44  Marine  
  92  12:01  Marine x5  
  89  12:05  Siege Tank  
  97  12:15  Liberator x2  
  97  12:19  Marine x5  
  108  12:36  Marine  
  108  12:37  Marine x3  
  87  12:41  Marine  
  87  12:54  Marine x2  
  87  12:55  Marine x2  
  91  12:59  Marine  
  92  13:11  Combat Shield  
  92  13:12  Marine x3  
  93  13:17  Marine x2  
  93  13:18  Siege Tank  
  100  13:30  Marine x2  
  102  13:35  Marauder  
  104  13:50  Siege Tank  
  92  13:56  Marauder  
  92  13:57  Marine x4  
  64  14:14  Marine  
  64  14:15  Marine x3, Medivac x2  
  69  14:17  Marine  
  67  14:27  Barracks  
  67  14:29  Barracks  
  67  14:32  Marine x2  
  67  14:33  Marine x2, Command Center, Siege Tank  
  67  14:35  Marine  
  75  14:45  Medivac  
  77  14:48  Medivac  
  77  14:49  SCV  
  77  14:50  Marine x3  
  77  14:52  Marine  
  84  14:53  Marine  
  85  15:08  Marine x3  
  88  15:21  Marine x3  
Tags
 
League
Gold
Matchup
TvT
Opening
1/1/1
Player
ViBE
Race
Terran
Replay Pack
Gold_League
Spawn Locations
Cross Positions
Add a new tag
Caveats
  • Supply blocks, unpowered buildings, or Contaminate may cause inaccurate times.
  • Supply counts are checked every 10 seconds.